 Dungeon Crawl Stone Soup version 0.29.1-15-g9cfb28693d (webtiles) character file.

Game seed: 6160364724432105773

63 javelincjr the Magician (level 3, -6/26 HPs)
             Began as a Demonspawn Hedge Wizard on Apr 19, 2023.
             Blown up by Ijyb (10 damage)
             ... with a mindburst bolt
             ... on level 3 of the Dungeon.
             The game lasted 00:03:54 (1998 turns).

javelincjr the Magician (Demonspawn Hedge Wizard)   Turns: 1998, Time: 00:03:55

Health: -6/26      AC:  2    Str: 12    XL:     3   Next: 89%
Magic:  12/16      EV: 12    Int: 15    God:
Gold:   142        SH:  0    Dex: 12    Spells: 7/8 levels left

rFire   . . .      SeeInvis .   a - +0 dagger
rCold   . . .      Faith    .   (no shield)
rNeg    . . .      Spirit   .   b - +0 robe
rPois   +          Reflect  .   c - +0 hat
rElec   .          Harm     .   (no cloak)
rCorr   .          Rampage  .   (no gloves)
Will    .....                   (no boots)
Stlth   ++........              (no amulet)
HPRegen 0.08/turn               e - ring of magical power
MPRegen 0.15/turn               g - ring of poison resistance

@: no status effects
A: powered by pain 1, weakness stinger 1
a: no special abilities


You were on level 3 of the Dungeon.
You visited 1 branch of the dungeon, and saw 3 of its levels.

You collected 142 gold pieces.

Inventory:

Hand Weapons
 a - a +0 dagger (weapon)
Armour
 b - a +0 robe (worn)
 c - a +0 hat (worn)
 j - a +0 buckler
Jewellery
 e - a ring of magical power (left hand)
 g - a ring of poison resistance (right hand)
 o - a ring of willpower
Scrolls
 f - a scroll of brand weapon {unknown}
 i - a scroll of fog {unknown}
 k - a scroll of teleportation {unknown}
 n - a scroll of enchant armour {unknown}
 p - a scroll of identify {unknown}
Potions
 d - a potion of magic
 h - a potion of brilliance {unknown}
 l - a potion of curing {unknown}
 m - 2 potions of heal wounds {unknown}


   Skills:
 * Level 1.4 Fighting
 + Level 2.0 Dodging
 + Level 2.2 Stealth
 + Level 0.1 Shields
 * Level 3.3 Spellcasting
 + Level 1.5 Conjurations
 + Level 1.3 Summonings
 + Level 1.3 Translocations


You had 7 spell levels left.
You knew the following spells:

 Your Spells              Type           Power      Damage    Failure   Level
a - Magic Dart            Conj           24%        1d4       11%         1

Your spell library contained the following spells:

 Spells                   Type           Power      Damage    Failure   Level
 Blink                    Tloc           12%        N/A       17%         2
 Call Imp                 Summ           6%         N/A       17%         2
 Slow                     Hex            8%         N/A       21%         1
 Gell's Gravitas          Tloc           6%         N/A       32%         3
 Lesser Beckoning         Tloc           6%         N/A       32%         3
 Teleport Other           Tloc           6%         N/A       32%         3
 Conjure Flame            Conj/Fire      4%         6-21      41%         3
 Mephitic Cloud           Conj/Pois/Air  3%         N/A       43%         3


Dungeon Overview and Level Annotations

Branches:
Dungeon (3/15)

Altars:

Annotations:
D:3 Ijyb


Innate Abilities, Weirdness & Mutations

You sometimes gain a little power by taking damage.
You have a small tail.


Message History

Press: ? - help, Shift-Dir - straight line, f/p - Ijyb
Aim: Ijyb, wielding a +0 dagger, wearing a +0 ring mail and carrying a wand of mindburst (15) (lightly wounded, 100% to hit)
The magic dart hits Ijyb but does no damage.
Ijyb is lightly wounded.
Ijyb hits you with a +0 dagger.
Casting: Magic Dart (safe; 11% risk of failure)
Confirm with . or Enter, or press ? or * to list all spells.
Aiming: Magic Dart (safe; 11% risk of failure)
Press: ? - help, Shift-Dir - straight line, f/p - Ijyb
Aim: Ijyb, wielding a +0 dagger, wearing a +0 ring mail and carrying a wand of mindburst (15) (lightly wounded, 100% to hit)
The magic dart hits Ijyb but does no damage.
Ijyb is lightly wounded.
Ijyb closely misses you.
Casting: Magic Dart (safe; 11% risk of failure)
Confirm with . or Enter, or press ? or * to list all spells.
Aiming: Magic Dart (safe; 11% risk of failure)
Press: ? - help, Shift-Dir - straight line, f/p - Ijyb
Aim: Ijyb, wielding a +0 dagger, wearing a +0 ring mail and carrying a wand of mindburst (15) (lightly wounded, 100% to hit)
The magic dart hits Ijyb.
Ijyb is lightly wounded.
Ijyb hits you with a +0 dagger.
* * * LOW HITPOINT WARNING * * *
Casting: Magic Dart (safe; 11% risk of failure)
Confirm with . or Enter, or press ? or * to list all spells.
Aiming: Magic Dart (safe; 11% risk of failure)
Press: ? - help, Shift-Dir - straight line, f/p - Ijyb
Aim: Ijyb, wielding a +0 dagger, wearing a +0 ring mail and carrying a wand of mindburst (15) (lightly wounded, 100% to hit)
The magic dart hits Ijyb but does no damage.
Ijyb is lightly wounded.
Ijyb zaps a wand.
Your mind is blasted!
* * * LOW HITPOINT WARNING * * *
Casting: Magic Dart (safe; 11% risk of failure)
Confirm with . or Enter, or press ? or * to list all spells.
Aiming: Magic Dart (safe; 11% risk of failure)
Press: ? - help, Shift-Dir - straight line, f/p - Ijyb
Aim: Ijyb, wielding a +0 dagger, wearing a +0 ring mail and carrying a wand of mindburst (14) (lightly wounded, 100% to hit)
The magic dart hits Ijyb.
Ijyb is moderately wounded.
Ijyb zaps a wand.
Your mind is blasted!
You die...

#..........+.#+##
#..........#....#
#..........#....#
#..........+....#
#..........#....#
#....(.....#....#
#.......)..#....#
#.......)..@....+
#.......††.#g...#
#########)##....#
#.....# ......#
#.##### ......#
#...# ##....#
###.### ....#
#...# ...## ###.#


You could see Ijyb.

Vanquished Creatures
  2 adders (D:2)
  6 endoplasms
  4 giant cockroaches
  2 goblins (D:1)
  4 hobgoblins (D:1)
  2 quokkas (D:2)
  3 ball pythons (D:1)
  7 bats
  3 frilled lizards
  6 kobolds
  3 rats
42 creatures vanquished.

Notes
Turn   | Place    | Note
-------+----------+-------------------------------------------
     0 | D:1      | javelincjr the Demonspawn Hedge Wizard began the quest for
                  | the Orb.
     0 | D:1      | Reached XP level 1. HP: 13/13 MP: 4/4
   172 | D:1      | Reached skill level 1 in Translocations
   495 | D:1      | Gained mutation: You have a small tail. [demonic ancestry]
   495 | D:1      | Reached XP level 2. HP: 20/20 MP: 6/6
  1087 | D:2      | Gained mutation: You sometimes gain a little power by
                  | taking damage. [demonic ancestry]
  1087 | D:2      | Reached XP level 3. HP: 25/25 MP: 7/7
  1218 | D:2      | Reached skill level 1 in Fighting
  1302 | D:2      | Found a faded altar of an unknown god.
  1990 | D:3      | Noticed Ijyb
  1998 | D:3      | Blown up by Ijyb

Illustrated notes

Levels and vault maps discovered:
D:1:      zelgadis_glass_arrival_large, layout_basic
D:2:      layout_rooms, shapermc_ecumenical_altar_venn
D:3:      layout_basic, uniq_natasha, uniq_ijyb

Skill      XL: |  1  2  3 |
---------------+----------+-----
Translocations | 1 |  1.3
Stealth        | 2 |  2.2
Dodging        | 2 |  2.0
Fighting       | 1 |  1.4
Shields        | |  0.1
Spellcasting   | |  3.3
Conjurations   | |  1.5
Summonings     | |  1.3

Action                   || total
-------------------------++-------
Melee: Dagger            ||     6
 Cast: Magic Dart        ||   120
Armor: Robe              ||     4
Dodge: Dodged            ||    32
